 Dungeon Crawl Stone Soup version 0.28.0 (webtiles) character file.

Game seed: 15195354925645032932

37 Illumine the Skirmisher (level 3, -1/29 HPs)
             Began as a Mummy Abyssal Knight on Feb 17, 2022.
             Was a Believer of Lugonu.
             Slain by a gnoll (7 damage)
             ... on level 3 of the Dungeon.
             The game lasted 00:02:07 (1123 turns).

Illumine the Skirmisher (Mummy Abyssal Knight)      Turns: 1123, Time: 00:02:08

Health: -1/29      AC:  3    Str: 18    XL:     3   Next: 23%
Magic:  4/4        EV: 11    Int: 15    God:    Lugonu [**....]
Gold:   88         SH:  0    Dex: 12    Spells: 2/2 levels left

rFire   x . .      SeeInvis .   a - +1 mace
rCold   + . .      Faith    .   (no shield)
rNeg    + + +      Spirit   .   b - +0 leather armour
rPois   ∞          Reflect  .   (no helmet)
rElec   .          Harm     .   (no cloak)
rCorr   .          Rampage  .   (no gloves)
Will    .....                   (no boots)
Stlth   +.........              (no amulet)
HPRegen 0.09/turn               e - +6 ring of intelligence
MPRegen 0.09/turn               (no ring)

@: no status effects
A: cold resistance 1, negative energy resistance 3, torment resistance 2, heat
vulnerability 1, no potions
a: Renounce Religion, Depart the Abyss, Bend Space


You were on level 3 of the Dungeon.
You worshipped Lugonu.
Lugonu was pleased with you.
You visited 1 branch of the dungeon, and saw 3 of its levels.
You visited the Abyss 1 time.

You collected 88 gold pieces.

Inventory:

Hand Weapons
 a - a +1 mace (weapon)
Missiles
 c - 10 bolts
 d - 6 silver javelins
 i - 4 stones
Armour
 b - a +0 leather armour (worn)
Jewellery
 e - a +6 ring of intelligence (left hand)
Scrolls
 f - a scroll of torment {unknown}
 g - a scroll of enchant weapon {unknown}
 h - a scroll of identify {unknown}


   Skills:
 - Level 3.0 Fighting
 * Level 2.9 Maces & Flails
 - Level 1.5 Armour
 - Level 0.7 Dodging
 + Level 1.8 Invocations


You had 2 spell levels left.
You didn't know any spells.
Your spell library contained the following spells:

 Spells                   Type           Power      Damage    Failure   Level
 Animate Skeleton         Necr           0%         N/A       32%         1
 Apportation              Tloc           0%         N/A       32%         1
 Summon Small Mammal      Summ           0%         N/A       32%         1


Dungeon Overview and Level Annotations

Branches:
Dungeon (3/15)

Altars:


Innate Abilities, Weirdness & Mutations

You are immune to poison.
Your flesh is cold resistant. (rC+)
You are immune to negative energy. (rN+++)
You are immune to unholy pain and torment.
You are vulnerable to heat. (rF-)
You do not drink.


Message History

A gnoll comes into view. It is wielding a +0 short sword.
A gnoll is nearby!
The gnoll shouts!
A gnoll comes into view. It is wielding a +0 whip.
There is an open door here.
The gnoll shouts!
A gnoll comes into view. It is wielding a +0 flail.
You hit the gnoll.
The gnoll is heavily wounded.
The gnoll hits you with a +0 short sword!
You barely miss the gnoll.
The gnoll is heavily wounded.
The gnoll hits you with a +0 short sword.
The gnoll barely misses you.
You hit the gnoll.
The gnoll is severely wounded.
The gnoll hits you with a +0 short sword.
The gnoll barely misses you.
There is an open door here.
You open the door.
Found 10 gold pieces.
There is an open door here.
You see here a frilled lizard skeleton.
There is a stone staircase leading down here.
The gnoll hits you with a +0 whip.
You climb downwards.
The orc shouts!
Found a stone staircase leading up and two stone staircases leading down.
There is a stone staircase leading up here.
You hit the gnoll.
The gnoll is moderately wounded.
The gnoll hits you with a +0 whip.
You barely miss the gnoll.
The gnoll is moderately wounded.
The gnoll hits you with a +0 whip.
* * * LOW HITPOINT WARNING * * *
You hit the gnoll.
The gnoll is heavily wounded.
The gnoll hits you with a +0 whip!
You die...

.
....##########
#o...g@<..>#
#.####.....#
..>...#
##.....#
......#
......#
..###.# .#.#
.#


You could see a gnoll and an orc.

Vanquished Creatures
  2 worms
  4 endoplasms
  A giant cockroach (D:1)
  4 goblins
  A hobgoblin (D:1)
  A quokka (D:1)
  5 ball pythons
  3 bats
  3 frilled lizards
  3 kobolds
  4 rats (D:1)
31 creatures vanquished.

Notes
Turn   | Place    | Note
-------+----------+-------------------------------------------
     0 | Abyss:1  | Illumine the Mummy Abyssal Knight began the quest for the
                  | Orb.
     0 | Abyss:1  | Reached XP level 1. HP: 18/18 MP: 2/2
    34 | D:1      | Escaped the Abyss
   157 | D:1      | Reached XP level 2. HP: 7/24 MP: 3/3
   404 | D:1      | Reached ** piety under Lugonu
   526 | D:1      | HP: 1/24 [constriction (1)]
   849 | D:1      | You fall into a shaft and drop 1 floor!
   897 | D:2      | Reached XP level 3. HP: 29/29 MP: 4/4
  1123 | D:3      | Slain by a gnoll

Illustrated notes

Levels and vault maps discovered:
D:1:      lightli_arrival_chessboard, layout_rooms, nicolae_wormholes
D:2:      layout_basic, basic_ecumenical_altar
D:3:      layout_loops_cross, nemelex_spade_bored_becter, serial_shops,
          shop_fountains, nicolae_shop_behind_doors, nicolae_shop_statue_plus,
          shop, shop, uniq_crazy_yiuf_cottage

Skill      XL: |  1 |
---------------+----+-----
Maces & Flails | 2 |  2.9
Fighting       | |  3.0
Armour         | |  1.5
Dodging        | |  0.7
Invocations    | |  1.8

Action                   || total
-------------------------++-------
Melee: Mace              ||    88
       Punch             ||     3
Armor: Leather armour    ||    35
Dodge: Dodged            ||    53
